 Dungeon Crawl Stone Soup version 0.25.1-2-g60ff931df9 (webtiles) character file.

Game seed: 10626206133037258559

1612 DearestLeader the Cleaver (level 8, -3/56 HPs)
             Began as a Demonspawn Gladiator on Oct 23, 2020.
             Was an Initiate of Qazlal.
             Shot with a sling bullet by Joseph (4 damage)
             ... on level 7 of the Dungeon.
             The game lasted 00:11:41 (7733 turns).

DearestLeader the Cleaver (Demonspawn Gladiator)    Turns: 7733, Time: 00:11:41

Health: -3/56      AC: 13    Str: 16    XL:     8   Next: 63%
Magic:  8/8        EV: 11    Int: 10    God:    Qazlal [......]
Gold:   395        SH:  6    Dex: 15    Spells: 7/7 levels left

rFire    . . .     SeeInvis +   z - +2 trident (venom)
rCold    + . .     Gourm    .   I - +1 buckler {reflect}
rNeg     . . .     Faith    .   C - +1 scale mail {rC+}
rPois    .         Spirit   .   j - +2 hat
rElec    .         Reflect  +   (no cloak)
rCorr    .         Harm     .   h - +0 pair of gloves
MR       .....                  m - +1 pair of boots
Stlth    ..........             (no amulet)
HPRegen  0.18/turn              B - ring of see invisible
MPRegen  0.11/turn              (no ring)

@: no status effects
A: antennae 1, demonic guardian 1, spiny 2
a: Renounce Religion


You were on level 7 of the Dungeon.
You worshipped Qazlal.
Qazlal was noncommittal.
You were near starving.

You visited 2 branches of the dungeon, and saw 8 of its levels.

You collected 395 gold pieces.

Inventory:

Hand Weapons
 a - a +0 war axe
 z - a +2 trident of venom (weapon)
 G - a +2 hand axe of flaming
Missiles
 d - 3 throwing nets (quivered)
 n - 40 poisoned darts
Armour
 h - a +0 pair of gloves (worn)
 j - a +2 hat (worn)
 m - a +1 pair of boots (worn)
 C - a +1 scale mail of cold resistance (worn)
 I - a +1 buckler of reflection (worn)
 L - a +0 plate armour
Jewellery
 q - an uncursed ring of stealth {unknown}
 w - an uncursed amulet of faith
 B - a ring of see invisible (left hand)
Wands
 c - a wand of polymorph (7)
 y - a wand of acid (7)
 D - a wand of paralysis (7)
Scrolls
 g - a scroll of fog
 i - 4 scrolls of remove curse
 p - 2 scrolls of fear
 r - 2 scrolls of immolation {unknown}
 v - 3 scrolls of teleportation
 x - 2 scrolls of enchant weapon
 F - 3 scrolls of magic mapping
 H - a scroll of amnesia {unknown}
 J - 2 scrolls of blinking {unknown}
Potions
 b - a potion of flight {unknown}
 e - 4 potions of curing
 k - a potion of brilliance
 l - a potion of berserk rage {unknown}
 o - 2 potions of might
 s - a potion of stabbing {unknown}
 t - a potion of magic {unknown}
 u - 2 potions of haste
 A - a potion of cancellation {unknown}
 E - a potion of degeneration {unknown}
Comestibles
 f - 13 rations


   Skills:
 + Level 2.1 Fighting
 * Level 8.3 Axes
 - Level 1.7 Throwing
 + Level 4.0 Armour
 - Level 3.0 Dodging
 - Level 4.0 Shields


You had 7 spell levels left.
You didn't know any spells.
Your spell library contained the following spells:

 Spells                   Type           Power        Failure   Level  Hunger
 Shock                    Conj/Air       #...         78%         1    ##.....
 Swiftness                Chrm/Air       #.......     89%         2    ###....
 Static Discharge         Conj/Air       #.......     98%         3    ####...
 Airstrike                Air            #.........   100%        4    #####..
 Lightning Bolt           Conj/Air       #.........   100%        5    ######.


Dungeon Overview and Level Annotations

Branches:
Dungeon (7/15)             Temple (1/1) D:7

Altars:
Ashenzari
Cheibriados
Dithmenos
Elyvilon
Gozag
Nemelex Xobeh
Qazlal
Trog
Uskayaw
Yredelemnul
The Shining One

Annotations:
D:5 2 transporters, Acheron's ghost, amateur HOWz
D:7 Joseph


Innate Abilities, Weirdness & Mutations

You have a pair of small antennae on your head.
A weak demonic guardian rushes to your aid.
You are mostly covered in sharp spines.


Message History

Joseph is lightly wounded.
Joseph shoots a sling bullet.
The sling bullet hits you! The sling bullet burns you.
You are too injured to fight recklessly!
You swap places.
Joseph shoots a sling bullet.
The sling bullet hits your shadow imp! The sling bullet burns your shadow imp.
Your shadow imp dies!
Joseph shoots a sling bullet.
The sling bullet hits you. The sling bullet burns you.
You see here a sling bullet.
Joseph shoots a sling bullet.
The sling bullet hits you!
* * * LOW HITPOINT WARNING * * *
The sling bullet burns you.
* * * LOW HITPOINT WARNING * * *
Found a glowing mace.
Found a stone staircase leading up.
You see here a sling bullet.
Joseph shoots a sling bullet.
The sling bullet hits you!
* * * LOW HITPOINT WARNING * * *
The sling bullet burns you.
You die...

........................#
......>..###'#####......#
.........# #.# #......#
##+###+#.# #.#####......#
#.### #.# #.....#......#
#.......# #####.........
......#########.........
.#....(.((.(.@..........
.......@######(.........
.#.#.......y.y..########
#.##.#####...# # .<.
..... #.# ###.#y. #.#
#.#.y. ).# #.#.... ###
#.#.....


You could see Joseph (very poisoned) and 2 killer bees.

Vanquished Creatures
  An ice beast (D:6)
  An orc warrior (D:6)
  2 phantoms (D:5)
  An ogre (D:5)
  A scorpion (D:5)
  3 killer bees (D:7)
  3 crimson imps
  2 hounds
  2 jellies (D:5)
  2 orc priests
  6 orc wizards
  Terence (D:1)
  An iguana (D:5)
  4 worker ants
  A hound zombie (D:6)
  A howler monkey zombie (D:6)
  4 gnolls (D:3)
  11 adders
  An adder skeleton (D:4)
  2 worms (D:3)
  5 dart slugs
  7 leopard geckos
  27 orcs
  8 bats
  6 giant cockroaches
  2 gnoll zombies (D:2)
  7 hobgoblins
  4 jackals (D:3)
  12 kobolds
  3 quokkas
  2 ball pythons
  8 frilled lizards
  A giant cockroach zombie (D:5)
  11 goblins
  A jackal skeleton (D:4)
  A leopard gecko skeleton (D:4)
  8 rats
163 creatures vanquished.

Vanquished Creatures (collateral kills)
  A bullfrog (D:6)
  A killer bee (D:7)
  A hound (D:5)
  2 orcs (D:6)
  A quokka (D:6)
6 creatures vanquished.

Grand Total: 169 creatures vanquished

Notes
Turn   | Place    | Note
-------+----------+-------------------------------------------
     0 | D:1      | DearestLeader the Demonspawn Gladiator began the quest for
                  | the Orb.
     0 | D:1      | Reached XP level 1. HP: 16/16 MP: 1/1
   287 | D:1      | Reached skill level 3 in Axes
   297 | D:1      | Gained mutation: You have a pair of small antennae on your
                  | head. [demonic ancestry]
   297 | D:1      | Reached XP level 2. HP: 22/22 MP: 2/2
  1122 | D:2      | Noticed Terence
  1269 | D:2      | Reached XP level 3. HP: 6/27 MP: 3/3
  1527 | D:2      | Found a glowing golden altar of the Shining One.
  1798 | D:2      | Found a faded altar of an unknown god.
  1876 | D:2      | Reached skill level 4 in Axes
  2113 | D:2      | Found a basalt altar of Yredelemnul.
  2184 | D:2      | Reached skill level 1 in Armour
  2184 | D:2      | Gained mutation: You are partially covered in sharp spines.
                  | [demonic ancestry]
  2184 | D:2      | Reached XP level 4. HP: 33/33 MP: 4/4
  3606 | D:3      | Found a white marble altar of Elyvilon.
  3625 | D:3      | Reached XP level 5. HP: 28/38 MP: 5/5
  3765 | D:3      | Reached skill level 5 in Axes
  4086 | D:3      | Found a sparkling altar of Nemelex Xobeh.
  4119 | D:3      | Reached XP level 6. HP: 30/44 MP: 6/6
  4882 | D:1      | Killed Terence
  4966 | D:4      | Found a bloodstained altar of Trog.
  5193 | D:4      | Found a basalt altar of Yredelemnul.
  5350 | D:4      | Reached skill level 6 in Axes
  5448 | D:4      | Gained mutation: A weak demonic guardian rushes to your
                  | aid. [demonic ancestry]
  5448 | D:4      | Reached XP level 7. HP: 50/50 MP: 7/7
  5499 | D:5      | Entered Level 5 of the Dungeon
  5499 | D:5      | Found a shattered altar of Ashenzari.
  5595 | D:5      | Found a transporter.
  5596 | D:5      | Found a transporter.
  5596 | D:5      | Noticed Acheron's ghost (amateur HOWz)
  5993 | D:5      | Reached skill level 7 in Axes
  6356 | D:5      | Reached skill level 1 in Shields
  6437 | D:5      | Gained mutation: You are mostly covered in sharp spines.
                  | [demonic ancestry]
  6437 | D:5      | Reached XP level 8. HP: 56/56 MP: 8/8
  6717 | D:6      | Found an opulent altar of Gozag.
  6982 | D:6      | Reached skill level 8 in Axes
  7531 | D:7      | Found a staircase to the Ecumenical Temple.
  7541 | Temple   | Entered the Ecumenical Temple
  7551 | Temple   | Became a worshipper of Qazlal Stormbringer
  7649 | D:7      | Found a shadowy altar of Dithmenos.
  7710 | D:7      | Noticed Joseph
  7733 | D:7      | HP: 1/56 [Joseph/sling bullet (9)]
  7733 | D:7      | Shot with a sling bullet by Joseph

Illustrated notes

Levels and vault maps discovered:
D:1:      co_arrival_random_square_maze, layout_loops_ring, bh_walls_and_bars
D:2:      layout_loops_corners, lemuel_zombie_altar_yredelemnul,
          chequers_ecumenical_altar_grove, nicolae_tso_carved_into_rock,
          uniq_terence
D:3:      minmay_bubble_buster, layout_loops_ring, elyvilon_altar_5,
          nemelex_xobeh_ov_fountains_minmay
D:4:      layout_basic, lightli_temple_of_fire, first_ration, kennysheep_path_1,
          lemuel_statue_altar
D:5:      layout_loops_corners, ashenzari_altar_1, gammafunk_ghost_mausoleum,
          minmay_starry_boxes
D:6:      layout_gridville, grunt_gozag_statues
D:7:      layout_basic, lemuel_crystal_altar, minmay_temple_entry_wispy,
          uniq_joseph
Temple:   eino_wide_crystal_templ

Skill      XL: |  1  2  3  4  5  6  7  8 |
---------------+-------------------------+-----
Axes           | 3 4 5 6 7 8 |  8.3
Dodging        | 3 |  3.0
Armour         | 1 2 3 4 |  4.0
Shields        | 2 4 |  4.0
Fighting       | |  2.1
Throwing       | |  1.7

Action                   |  1- 3 |  4- 6 |  7- 9 || total
-------------------------+-------+-------+-------++-------
Melee: War axe           |   128 |    92 |       ||   220
       Trident           |       |   103 |   139 ||   242
       Hand axe          |       |       |     4 ||     4
  Use: Scroll            |       |     1 |     9 ||    10
 Stab: Sleeping          |     4 |       |       ||     4
  Eat: Chunk             |     4 |    11 |     5 ||    20
Armor: Leather armour    |    15 |       |       ||    15
       Chain mail        |    76 |   102 |       ||   178
       Scale mail        |       |    12 |    29 ||    41
Dodge: Dodged            |    60 |    63 |    33 ||   156
Block: Buckler           |       |       |    17 ||    17
